 Dungeon Crawl Stone Soup version 0.23-a0-164-g7711e57 (webtiles) character file.

0 glosham the Ducker (level 1, -3/10 HPs)
             Began as a Felid Abyssal Knight on Sept 10, 2018.
             Was a Follower of Lugonu.
             Killed by divine providence
             ... invoked by a daeva
              (13 damage)
             ... on level 2 of the Abyss.
             The game lasted 00:02:33 (143 turns).

glosham the Ducker (Felid Abyssal Knight)            Turns: 143, Time: 00:02:34

Health: -3/10      AC:  1    Str:  8    XL:     1   Next: 0%
Magic:  3/3        EV: 18    Int: 13    God:    Lugonu [*.....]
Gold:   19         SH:  0    Dex: 15    Spells: 0/0 levels left
                                        Lives:  0   Deaths: 0

rFire    . . .     SeeInvis +     - Unarmed
rCold    . . .     Gourm    .   (shield unavailable)
rNeg     . . .     Faith    .   (armour unavailable)
rPois    .         Spirit   .   (helmet unavailable)
rElec    .         Reflect  .   (cloak unavailable)
rCorr    .         Harm     .   (gloves unavailable)
MR       .....                  (boots unavailable)
Stlth    +.........             (no amulet)
HPRegen  0.03/turn              (no ring)
MPRegen  0.08/turn              (no ring)

@: glowing, quick
A: very small, no armour, no weapons or thrown items, stealth, claws 1, fangs 3,
see invisible, carnivore, speed 1, shaggy fur 1, slow metabolism 1, sharp paws
a: Depart the Abyss, Renounce Religion


You were on level 2 of the Abyss.
You worshipped Lugonu.
Lugonu was aware of your devotion.
You were not hungry.

You visited 0 branches of the dungeon, and saw 0 of its levels.
You visited the Abyss 1 time.

You collected 19 gold pieces.

Inventory:

Potions
 b - a potion of degeneration
Comestibles
 a - a ration


   Skills:
 - Level 3.0 Fighting
 - Level 3.2 Dodging
 * Level 0.0 Stealth
 - Level 2.0 Unarmed Combat
 - Level 1.7 Invocations


You couldn't memorise any spells.
You didn't know any spells.
Your spell library was empty.

Dungeon Overview and Level Annotations

Branches:
Dungeon (0/15)

Altars:


Innate Abilities, Weirdness & Mutations

You cannot wear armour.
You are incapable of wielding weapons or throwing items.
Your paws allow you to move quietly. (Stealth)
You have sharp claws.
You have razor-sharp teeth.
You have supernaturally acute eyesight. (SInv)
You are carnivorous and can eat meat at any time.
You cover ground quickly.
You are covered in fur. (AC +1)
You have a slow metabolism.
Your sharp claws are effective at attacking unaware monsters.


Message History

Lugonu says: Depart the Abyss and spread corruption, my servant!
Press ? for a list of commands and other information.
Found a corrupted altar of Lugonu.
Found a gateway leading deeper into the Abyss.
There is a gateway leading deeper into the Abyss here.
You plunge deeper into the Abyss.
Found 21 sling bullets.
Found a hand crossbow and 15 gold pieces.
Found a brown potion.
Found a scroll labeled EZYNAI MON QING.
You see here a brown potion.
b - a brown potion You see here a scroll labeled EZYNAI MON QING.
As you read the scroll labeled EZYNAI MON QING, it crumbles to dust.
You speak a Word of immense power!
It was a scroll of holy word.
Found a scroll labeled DIHYJA SOWKAO.
You see here a scroll labeled DIHYJA SOWKAO.
As you read the scroll labeled DIHYJA SOWKAO, it crumbles to dust.
The scroll dissolves into smoke.
It was a scroll of fog.
Found 19 gold pieces.
You see here 19 gold pieces.
You now have 19 gold pieces.
Found a scroll labeled REDGHY POZOETS.
You see here a scroll labeled REDGHY POZOETS.
As you read the scroll labeled REDGHY POZOETS, it crumbles to dust.
It is a scroll of identify.
b - a potion of degeneration An orange demon and a tentacled starspawn come into view.
A ynoxinul comes into view.
The orange demon moves out of view.
A tentacled starspawn comes into view.
Tentacles burst from the starspawn's body! 2 starspawn tentacles come into view.
A small abomination and a daeva come into view.
The daeva is wielding a long sword of holy wrath.
The daeva shouts!
You hear a bellow!
The daeva calls down the wrath of the Shining One upon you.
The Shining One smites you!
Ouch! That really hurt!
You die...

. ####.#ww ..#..
#..#.. ...X.##
.#.# ...#..
..#...# #... #..#.
.##...# ##..# .# .
#..##..X##.#xA###
## ... ...
#...#.....#
#.#..X.#.#..#....#
##..#...#####..###
###....# #.@# ...#
...#..#.# #.##
....##.. .
###.....#. 3##
##.#..#.. . ..#..
.. .##. ... #. .
..#


You could see a daeva and a small abomination.

Vanquished Creatures (others)
  2 starspawn tentacles (Abyss:2)
2 creatures vanquished.

Notes
Turn   | Place    | Note
-------+----------+-------------------------------------------
     0 | Abyss:1  | glosham the Felid Abyssal Knight began the quest for the
                  | Orb.
     0 | Abyss:1  | Reached XP level 1. HP: 10/10 MP: 3/3
    21 | Abyss:1  | Noticed a lorocyproca
   129 | Abyss:2  | Noticed a tentacled starspawn
   129 | Abyss:2  | Noticed an orange demon
   129 | Abyss:2  | Noticed a ynoxinul
   133 | Abyss:2  | Noticed a tentacled starspawn
   141 | Abyss:2  | Noticed a daeva
   141 | Abyss:2  | Noticed a small abomination
   143 | Abyss:2  | Killed from afar by a daeva

Vault maps used:

Action                   || total
-------------------------++-------
  Use: Scroll            ||     3

Table legend:
 A = Non-vault XP
 B = Vault XP
 C = Vault XP percentage of total XP
 D = Non-vault monster count
 E = Vault monster count
 F = Vault count percentage of total count
                 A         B        C        D         E       F
            +---------+---------+-------+---------+---------+-------
      Total |       0 |       0 |   N/A |       0 |       0 |  -nan
            +---------+---------+-------+---------+---------+-------
            +---------+---------+-------+---------+---------+-------

Table legend:
 A = Turns spent in this place as a percentage of turns spent in the entire game.
 B = Non-inter-level travel turns spent in this place as a percentage of non-inter-level travel turns spent in the entire game.
 C = Inter-level travel turns spent in this place as a percentage of turns spent in this place.
 D = Turns resting spent in this place as a percentage of non-inter-level travel turns spent in this place.
 E = Turns spent auto-exploring this place as a percentage of non-inter-level travel turns spent in this place.
 F = Non-inter-level travel turns spent in this place divided by the number of levels of this place that you've seen.
                   A       B       C       D       E      F
               +-------+-------+-------+-------+-------+----------------------
         Total | 100.0 | 100.0 |   0.0 |   0.0 |   0.0 |  71.5
         Abyss | 100.0 | 100.0 |   0.0 |   0.0 |   0.0 |  71.5
               +-------+-------+-------+-------+-------+----------------------

Vault maps used:
